 Dungeon Crawl Stone Soup version 0.17.1-1-g73c8601 (webtiles) character file.

95 DeXoteric the Gusty (level 4, 0/24 HPs)
             Began as a Tengu Air Elementalist on Jan 1, 2016.
             Slain by a bat (1 damage)
             ... on level 3 of the Dungeon.
             The game lasted 00:07:54 (2525 turns).

DeXoteric the Gusty (Tengu Air Elementalist)        Turns: 2525, Time: 00:07:54

Health: 0/24       AC:  4    Str:  8    XL:     4   Next: 66%
Magic:  1/9        EV: 12    Int: 17    God:
Gold:   172        SH:  0    Dex: 14    Spells: 1 memorised, 8 levels left

rFire  . . .     SeeInvis .     f - -3 short sword (curse)
rCold  . . .     Clarity  .     a - +0 robe
rNeg   . . .     SustAt   .     (no shield)
rPois  .         Gourm    .     (helmet restricted)
rElec  .         Spirit   .     (no cloak)
rCorr  .         Warding  .     p - +1 pair of gloves
rMut   .         Rnd*Tele +     (boots unavailable)
MR     .....                    (no amulet)
Stlth  ++........               (no ring)
                                m - ring of teleportation (curse)

@: lethally poisoned (0 -> -6), drained, not resistant to hostile enchantments,
unstealthy
A: beak, talons 3
a: Evoke Teleportation


You were on level 3 of the Dungeon.
You were not hungry.

You visited 1 branch of the dungeon, and saw 3 of its levels.

You collected 172 gold pieces.

Inventory:

Hand Weapons
 f - a cursed -3 short sword (weapon)
 q - a +3 short sword of speed
Armour
 a - a +0 robe (worn)
 p - a +1 pair of gloves (worn)
Jewellery
 m - a cursed ring of teleportation (left hand)
Scrolls
 e - a scroll of enchant weapon
 o - 2 scrolls of identify
Potions
 d - 3 potions of brilliance
 g - 2 potions of curing
 j - a potion of heal wounds
 k - a potion of agility
Books
 b - a book of Air

   Spells                             Type                      Level
   a - Shock                          Conjuration/Air              1
   b - Swiftness                      Charms/Air                   2
   c - Repel Missiles                 Charms/Air                   2
   d - Static Discharge               Conjuration/Air              3
   e - Lightning Bolt                 Conjuration/Air              5
Comestibles
 c - 2 bread rations
 h - a beef jerky
 i - a royal jelly
 l - a slice of pizza
 n - a meat ration
 r - a chunk of flesh


   Skills:
 - Level 2.1(1.7) Dodging
 - Level 2.0(1.5) Stealth
 + Level 3.1(2.7) Spellcasting
 + Level 3.1(2.7) Conjurations
 + Level 5.0(4.5) Air Magic


You had 8 spell levels left.
You knew the following spells:

 Your Spells              Type           Power        Failure   Level  Hunger
a - Shock                 Conj/Air       ##..         4%          1    #......


Dungeon Overview and Level Annotations

Branches:
Dungeon (3/15)

Altars:
Okawaru

Annotations:
D:3 DeXoteric's ghost, amateur GrVM


Innate Abilities, Weirdness & Mutations

You have a beak for a mouth.
You have claws for feet.


Message History

A kobold comes into view.
* * * LOW HITPOINT WARNING * * *
You feel sick.
The kobold shouts!
The bat barely misses you. The adder bites you but does no damage.
You take 1 damage, and have 4/24 hp.
You are suddenly yanked towards some nearby monsters!
Your surroundings seem slightly different.
* * * LOW HITPOINT WARNING * * *
You feel sick.
A kobold comes into view. It is wielding a short sword.
The kobold shouts!
Found a greatsling.
You take 1 damage, and have 3/24 hp.
* * * LOW HITPOINT WARNING * * *
You feel sick. The bat closely misses you. The bat hits you.
* * * LOW HITPOINT WARNING * * *
The kobold closely misses you. The kobold barely misses you.
You take 2 damage, and have 1/24 hp.
The adder bites you but does no damage. The bat hits you.
You die...

..# ###
###################
#...K.............#
##.SbK....W......###
#..Q..!.Ss........#.
#.........⌠........†#
#.#)...............†#.
# ##..............)###
#.................#
###################


You could see DeXoteric's ghost, 2 adders, a giant cockroach, a bat and 2
kobolds.

Vanquished Creatures
  4 adders
  2 oozes (D:1)
  4 giant geckos (D:1)
  9 hobgoblins
  A jackal (D:1)
  5 kobolds
  2 ball pythons
  2 bats
  2 giant cockroaches
  3 giant newts
  9 goblins
  5 rats
48 creatures vanquished.

Notes
Turn   | Place    | Note
--------------------------------------------------------------
     0 | D:1      | DeXoteric the Tengu Air Elementalist began the quest for the Orb.
     0 | D:1      | Reached XP level 1. HP: 10/10 MP: 4/4
    12 | D:1      | Noticed a centaur warrior
    12 | D:1      | Noticed a queen ant
    12 | D:1      | Noticed a komodo dragon
   201 | D:1      | Reached XP level 2. HP: 15/15 MP: 0/6
   742 | D:1      | Reached XP level 3. HP: 19/19 MP: 4/7
  1368 | D:2      | Found an iron altar of Okawaru.
  2108 | D:2      | Reached XP level 4. HP: 20/24 MP: 1/9
  2283 | D:3      | Noticed DeXoteric's ghost (amateur GrVM)
  2507 | D:3      | Reached skill level 5 in Air Magic
  2524 | D:3      | HP: 1/24 [bat (1)]
  2525 | D:3      | Slain by a bat

Action                   |  1- 3 |  4- 6 || total
-------------------------+-------+-------++-------
Melee: Short sword       |    20 |     5 ||    25
       Unarmed           |     2 |       ||     2
 Cast: Shock             |    81 |    26 ||   107
  Use: Scroll            |    11 |       ||    11
 Stab: Sleeping          |       |     2 ||     2
  Eat: Chunk             |     4 |     2 ||     6
